 Dungeon Crawl Stone Soup version 0.30-b1-2-g02819fbbbe (webtiles) character file.

Game seed: 16086159614178667903

1974 Alarkh the Trooper (level 9, 0/63 (71) HPs)
             Began as a Demonspawn Artificer on July 11, 2023.
             Was a Follower of Uskayaw.
             Slain by a wight
             ... wielding a +5 short sword
              (8 damage)
             ... on level 7 of the Dungeon.
             The game lasted 00:10:09 (7117 turns).

Alarkh the Trooper (Demonspawn Artificer)           Turns: 7117, Time: 00:10:11

HP:   0/63 (71)     AC: 12    Str: 12    XL:     9   Next: 0%
MP:   17/17         EV: 11    Int: 18    God:    Uskayaw [*.....]
Gold: 267           SH:  0    Dex: 13    Spells: 18/19 levels left

rFire   . . .        w - +0 shortbow
rCold   . . .        (shield currently unavailable)
rNeg    . . .        F - +0 steam dragon scales
rPois   .            (no helmet)
rElec   .            J - scarf {repulsion}
rCorr   .            (no gloves)
SInv    .            C - +0 pair of boots
Will    .....        (no amulet)
Stlth   ++           (no ring)
HPRegen 0.30/turn    (no ring)
MPRegen 0.15/turn

%: repel missiles
@: sanguine armoured, heavily drained
A: powered by death 2, sanguine armour 1, demonic magic 2
a: Renounce Religion, Stomp


You were on level 7 of the Dungeon.
You worshipped Uskayaw.
Uskayaw was noncommittal.
You visited 2 branches of the dungeon, and saw 8 of its levels.

You collected 333 gold pieces.
You spent 66 gold pieces at shops.

Inventory:

Hand Weapons
 a - a +1 dagger of venom
 b - a +1 spear of venom
 o - a +0 club
 q - a +0 sling
 w - a +0 shortbow (weapon)
 A - a +0 quarterstaff
Armour
 k - a +0 leather armour
 l - a +0 cloak
 C - a +0 pair of boots (worn)
 F - +0 steam dragon scales (worn)
 J - a scarf of repulsion (worn)
Magical Staves
 g - a staff of air
Jewellery
 E - an amulet of guardian spirit
Wands
 c - a wand of flame (9)
 d - a wand of charming (15)
 e - a wand of iceblast (5)
 y - a wand of roots (3)
Scrolls
 f - 2 scrolls of vulnerability
 i - 3 scrolls of fear
 m - a scroll of immolation {unknown}
 p - 6 scrolls of teleportation
 v - a scroll of enchant armour {unknown}
 x - a scroll of noise {unknown}
 z - 2 scrolls of blinking {unknown}
 I - a scroll of brand weapon {unknown}
 K - a scroll of poison
Potions
 h - 2 potions of haste
 j - 4 potions of curing
 n - 4 potions of flight
 r - 2 potions of ambrosia
 s - 2 potions of heal wounds
 t - 2 potions of might
 u - a potion of brilliance
 B - a potion of berserk rage
 D - 2 potions of magic {unknown}
 G - a potion of attraction
 H - a potion of mutation {unknown}


   Skills:
 + Level 6.9 Fighting
 - Level 1.7 Armour
 - Level 0.8 Dodging
 - Level 0.8 Stealth
 + Level 5.5 Spellcasting
 + Level 6.6 Necromancy
 + Level 4.4 Invocations
 - Level 3.0 Evocations


You had 18 spell levels left.
You knew the following spells:

 Your Spells              Type           Power      Damage    Failure   Level
a - Necrotise             Necr           100%       1d9       1%          1

Your spell library contained the following spells:

 Spells                   Type           Power      Damage    Failure   Level
 Apportation              Tloc           8%         N/A       13%         1
 Shock                    Conj/Air       16%        1d4       13%         1
 Summon Small Mammal      Summ           16%        N/A       13%         1
 Dazzling Flash           Conj/Hex       8%         N/A       36%         3
 Swiftness                Air            4%         N/A       36%         3
 Volatile Blastmotes      Fire/Tloc      8%         2d10      36%         3
 Airstrike                Air            2%         2d(1-17)  77%         4
 Iskenderun's Mystic Bla  Conj/Tloc      4%         2d3       77%         4
 Starburst                Conj/Fire      2%         6d3       100%        6


Dungeon Overview and Level Annotations

Branches:
Dungeon (7/15)             Temple (1/1) D:4

Altars:
Ashenzari
Cheibriados
Dithmenos
Fedhas
Gozag
Hepliaklqana
Kikubaaqudgha
Makhleb
Nemelex Xobeh
Okawaru
Qazlal
Ru
Sif Muna
Trog
Uskayaw
Vehumet
Wu Jian
Xom
Yredelemnul

Shops:
D:2 *   D:6 [


Innate Abilities, Weirdness & Mutations

You regenerate health from kills.
When seriously injured, your blood forms armour. (AC +6)
Spells you cast may paralyse nearby enemies.


Message History

The wight attacks as you move away!
The wight hits you with a +5 short sword.
You feel drained.
You shoot an arrow. The arrow hits the wight.
The wight is moderately damaged.
The wight hits you with a +5 short sword.
You feel drained. The wight hits you but does no damage.
You shoot an arrow.
The arrow hits the wight but does no damage.
The wight is moderately damaged.
The wight hits you but does no damage.
You shoot an arrow. The arrow closely misses the wight.
The wight closely misses you.
The wight hits you with a +5 short sword.
You feel drained.
You shoot an arrow.
The arrow hits the wight but does no damage.
The wight is moderately damaged.
The wight barely misses you.
You shoot an arrow. The arrow barely misses the wight.
The wight barely misses you.
The wight hits you with a +5 short sword.
You shoot an arrow.
The arrow hits the wight but does no damage.
The wight is moderately damaged.
The wight hits you with a +5 short sword.
You feel drained.
You shoot an arrow. The arrow barely misses the wight.
The wight hits you with a +5 short sword.
* * * LOW HITPOINT WARNING * * *
The wight hits you with a +5 short sword!
* * * LOW HITPOINT WARNING * * *
You can no longer pass through a line of other dancers.
Aiming: Throw Flame
Press: ? - help, Shift-Dir - straight line, f/p - wight
Aim: a wight, wielding a +5 short sword and wearing a +0 robe (moderately damaged, 71% to hit)
The puff of flame hits the wight but does no damage.
The wight is moderately damaged.
The wight hits you with a +5 short sword!
You die...

####.##.##.#....#.....# ....#
#.##.##+######.######. #....#
#.##.................. .....
####.##.....#####.#########...#
.....##.....## #..........#...#
.............# #.)#######.....#
.............# #.....)......#.#
........####.# #z###########.....
...#.....# #.###@...# #..###
##.#.##..###+#....#.########..###
.....##........#..#.##...........
##<#####.#.....#.##.##.....z.....
...#...........#.##.##..$z..<....
.....######....#.##.##...........
...............#.##.#.....g...#+#
.[....####.....<....#.z.....#.#
......# #..........#.#..... ..


You could see a wight.

Vanquished Creatures
  2 steam dragons
  Menkaure (D:6)
  2 water moccasins (D:5)
  A black bear (D:5)
  An ogre (D:5)
  2 centaurs (D:5)
  A phantom (D:4)
  2 scorpions (D:5)
  4 wights
  A jelly (D:7)
  A howler monkey (D:4)
  A hound (D:5)
  An orc priest (D:5)
  2 sleepcaps
  4 iguanas
  3 orc wizards
  4 gnolls
  8 adders
  2 shadow imps
  3 white imps
  3 ufetubi
  3 dart slugs
  14 orcs
  8 endoplasms
  5 giant cockroaches
  9 goblins
  3 hobgoblins
  17 jackals
  2 quokkas
  8 ball pythons
  5 bats
  4 frilled lizards
  6 kobolds
  5 rats
138 creatures vanquished.

Vanquished Creatures (others)
  A demonic plant (D:6)
1 creature vanquished.

Grand Total: 139 creatures vanquished

Notes
Turn   | Place    | Note
-------+----------+-------------------------------------------
     0 | D:1      | Alarkh the Demonspawn Artificer began the quest for the
                  | Orb.
     0 | D:1      | Reached XP level 1. HP: 15/15 MP: 1/1
   216 | D:1      | Gained mutation: You regenerate a little health from kills.
                  | [demonic ancestry]
   216 | D:1      | Reached XP level 2. HP: 22/22 MP: 2/2
   513 | D:1      | Gained mutation: Spells you cast may paralyse adjacent
                  | enemies. [demonic ancestry]
   513 | D:1      | Reached XP level 3. HP: 24/29 MP: 3/3
   540 | D:1      | Learned a level 1 spell: Necrotise
  1009 | D:2      | Reached skill level 1 in Necromancy
  1099 | D:2      | Found a shimmering blue altar of Sif Muna.
  1102 | D:2      | Gained mutation: When seriously injured, your blood forms
                  | armour. (AC +6) [demonic ancestry]
  1102 | D:2      | Reached XP level 4. HP: 25/35 MP: 5/5
  1121 | D:2      | Reached skill level 1 in Spellcasting
  1382 | D:2      | Found Jeitrikholl's General Store.
  1387 | D:2      | Bought a scroll of teleportation for 33 gold pieces
  1387 | D:2      | Bought a potion of curing for 33 gold pieces
  2077 | D:3      | Found a shadowy altar of Dithmenos.
  2313 | D:3      | You fall into a shaft and drop 1 floor!
  2359 | D:4      | Reached XP level 5. HP: 37/42 MP: 7/7
  2438 | D:4      | Found a staircase to the Ecumenical Temple.
  2446 | Temple   | Entered the Ecumenical Temple
  2471 | Temple   | Became a worshipper of Uskayaw the Reveller
  2618 | D:4      | Reached * piety under Uskayaw
  2623 | D:4      | Reached ** piety under Uskayaw
  3050 | D:3      | Gained mutation: Spells you cast may paralyse nearby
                  | enemies. [demonic ancestry]
  3050 | D:3      | Reached XP level 6. HP: 48/48 MP: 9/9
  3051 | D:3      | Found a snail-covered altar of Cheibriados.
  3126 | D:3      | Found a sparkling altar of Nemelex Xobeh.
  3359 | D:3      | Found a faded altar of an unknown god.
  3360 | D:3      | Found a hazy altar of Hepliaklqana.
  3774 | D:5      | Entered Level 5 of the Dungeon
  4075 | D:5      | Noticed a water moccasin
  4099 | D:5      | Reached *** piety under Uskayaw
  4144 | D:5      | Gained mutation: You regenerate health from kills. [demonic
                  | ancestry]
  4144 | D:5      | Reached XP level 7. HP: 41/55 MP: 6/11
  4186 | D:5      | Reached skill level 5 in Fighting
  4356 | D:5      | Reached skill level 5 in Necromancy
  4666 | D:5      | Reached XP level 8. HP: 53/64 MP: 14/14
  4863 | D:5      | Reached skill level 1 in Invocations
  5916 | D:6      | Found a hide-covered altar of Uskayaw.
  5918 | D:6      | Found a shimmering altar of Xom.
  5941 | D:6      | Found a shimmering altar of Xom.
  5941 | D:6      | Found a hazy altar of Hepliaklqana.
  5941 | D:6      | Found a hazy altar of Hepliaklqana.
  5970 | D:6      | Found Kucoon's Antique Armour Boutique.
  6264 | D:6      | Noticed Menkaure
  6273 | D:6      | Killed Menkaure
  6274 | D:6      | Reached skill level 5 in Spellcasting
  7107 | D:7      | Reached XP level 9. HP: 37/70 MP: 17/17
  7117 | D:7      | Slain by a wight

Illustrated notes

Levels and vault maps discovered:
D:1:      amcnicky_arrival_wind_blow, layout_basic, minmay_fountain_box
D:2:      layout_basic, serial_shops, nicolae_shop_rolling_square, basic_altar
D:3:      layout_basic, grunt_dithmenos_smoke, nemelex_altar_shiori,
          beargit_hepliaklqana_dungeon_heroes, kennysheep_slug_shrine,
          serial_co_window_serial, co_window_corner_a, co_window_paths_b,
          co_window_paths_a, co_window_corner_a, co_window_paths_a,
          co_window_cross_2, co_window_cross_4, co_window_2corner,
          co_window_4corner_b, glass_columns_b, glass_columns_a,
          nicolae_half_adder
D:4:      layout_basic, temple_green, minmay_bisected
D:5:      minmay_octagon_keep, layout_loops_cross, zin_academy,
          serial_bayou_pond_d
D:6:      layout_gridville, doesnt_xom_only_xom, serial_demonic,
          serial_demonic_e, serial_demonic_c, serial_demonic_f,
          serial_demonic_d, serial_shops, nicolae_shop_getting_attention,
          uniq_menkaure
D:7:      layout_basic
Temple:   minmay_freezing_vapour_temple

Skill      XL: |  1  2  3  4  5  6  7  8 |
---------------+-------------------------+-----
Fighting       | 2 3 4 5 6 |  6.9
Necromancy     | 1 2 3 4 5 6 |  6.6
Spellcasting   | 1 2 3 4 5 |  5.5
Invocations    | 4 |  4.4
Armour         | |  1.7
Dodging        | |  0.8
Stealth        | |  0.8
Evocations     | |  3.0

Action                     |  1- 3 |  4- 6 |  7- 9 || total
---------------------------+-------+-------+-------++-------
  Melee: Club              |    20 |       |       ||    20
         Dagger            |    18 |   184 |   162 ||   364
         Punch             |       |     2 |     3 ||     5
   Fire: Sling             |   100 |       |       ||   100
         Shortbow          |       |    60 |    67 ||   127
   Cast: Necrotise         |     7 |    18 |    40 ||    65
  Evoke: Wand              |     3 |       |     4 ||     7
    Use: Potion            |     1 |       |     2 ||     3
         Scroll            |       |     2 |     7 ||     9
   Stab: Sleeping          |       |     1 |       ||     1
         Paralysed         |       |     2 |    32 ||    34
 Armour: Leather armour    |    38 |    90 |    59 ||   187
         Steam dragon scal |       |       |    19 ||    19
  Dodge: Dodged            |    68 |   144 |   121 ||   333
         Repelled          |       |       |     1 ||     1
